Map: Divergence LE

Players

AlexeiJie

  • Race: Zerg Zerg
  • League: Platinum
  • Spawn Location: 11:00

ALVARIS

  • Race: Protoss Protoss
  • League: Platinum
  • Spawn Location: 11:00

Massa - Winner!

  • Race: Terran Terran
  • League: Platinum
  • Spawn Location: 5:00

qqq - Winner!

  • Race: Protoss Protoss
  • League: Platinum
  • Spawn Location: 5:00

VOD

Have the link to the VOD?

Description

Time

  • Played on: Sept. 26, 2020, 5:23 p.m.
  • Length: 10:59
Show
View Real Time Build Order
Export as new Build Order

AlexeiJie Zerg 

Build Orders: Pool First, Roach Hydra 

Get SALT Encoding   

  12  0:01  Drone  
  13  0:13  Overlord  
  13  0:16  Drone  
  14  0:32  Drone x2  
  16  0:37  Drone  
  17  1:15  Extractor  
  16  1:27  Drone x2  
  16  1:31  Spawning Pool  
  17  1:53  Drone x3  
  20  1:59  Hatchery  
  19  2:05  Drone  
  20  2:30  Queen  
  22  2:38  Overlord  
  22  2:39  Overlord  
  22  2:57  Zergling x4  
  24  3:06  Queen  
  26  3:15  Spine Crawler  
  25  3:26  Metabolic Boost  
  25  3:30  Queen  
  25  3:32  Overlord x2  
  25  3:34  Drone x4  
  31  3:55  Drone x4  
  35  4:18  Drone x4  
  35  4:19  Drone  
  40  4:24  Lair  
  40  4:30  Extractor, Roach Warren  
  38  4:33  Evolution Chamber  
  38  4:34  Drone x2  
  38  4:35  Evolution Chamber  
  38  4:43  Drone x2  
  38  4:44  Drone  
  41  4:50  Spore Crawler  
  40  4:56  Drone x4, Extractor  
  40  4:58  Drone x2  
  45  5:03  Drone  
  46  5:15  Hatchery  
  46  5:20  Roach x3  
  46  5:21  Extractor, Roach x4  
  56  5:22  Roach  
  56  5:23  Zerg Missile Weapons Level 1  
  56  5:28  Overlord  
  60  5:34  Overlord  
  60  5:38  Pneumatized Carapace  
  59  5:53  Roach x4  
  66  6:04  Glial Reconstitution  
  66  6:08  Drone x4  
  70  6:13  Drone  
  70  6:15  Drone x2  
  73  6:30  Drone x3  
  73  6:31  Queen  
  78  6:41  Zerg Ground Armor Level 1  
  78  6:57  Hydralisk Den  
  78  6:59  Spore Crawler  
  76  7:02  Spore Crawler  
  76  7:04  Drone x3  
  76  7:05  Drone, Spore Crawler  
  76  7:07  Roach x2  
  82  7:15  Overlord x4  
  82  7:27  Muscular Augments  
  82  7:29  Overlord x2  
  82  7:39  Spore Crawler  
  82  7:41  Hydralisk x6, Spore Crawler  
  82  7:42  Hydralisk x2  
  96  7:47  Drone  
  96  7:50  Drone x2  
  99  7:57  Hydralisk  
  99  7:58  Hydralisk x2  
  97  8:08  Hydralisk x2  
  101  8:22  Hydralisk x2  
  105  8:38  Grooved Spines  
  105  8:39  Drone  
  105  8:40  Overlord  
  105  8:41  Overlord x3  
  106  8:52  Overlord x3  
  106  8:58  Queen  
  108  9:07  Hydralisk  
  108  9:08  Hydralisk x6  
  122  9:19  Ravager x2  
  122  9:20  Ravager x2  
  122  9:22  Roach  
  128  9:24  Drone x2  
  128  9:27  Spore Crawler  
  111  9:52  Extractor  
  111  9:54  Extractor  
  111  9:55  Spore Crawler x2  
  75  10:04  Hydralisk x4  
  75  10:05  Hydralisk x5  
  71  10:21  Drone  
  71  10:22  Drone x2  
  71  10:28  Hydralisk x3  
  74  10:33  Overseer  
Show
View Real Time Build Order
Export as new Build Order

ALVARIS Protoss 

Build Orders:  

Get SALT Encoding   

  12  0:02  Probe (Chrono Boost)  
  13  0:11  Probe (Chrono Boost)  
  14  0:16  Probe (Chrono Boost)  
  15  0:25  Pylon  
  15  0:31  Assimilator  
  15  0:43  Gateway  
  15  1:08  Forge  
  15  1:13  Gateway  
  15  1:15  Pylon  
  15  1:18  Probe (Chrono Boost)  
  16  1:28  Probe (Chrono Boost)  
  17  1:33  Probe (Chrono Boost)  
  18  1:48  Photon Cannon  
  18  1:59  Photon Cannon  
  18  2:05  Cybernetics Core  
  18  2:11  Probe  
  19  2:40  Probe  
  20  2:48  Nexus  
  20  2:52  Probe  
  20  3:02  Photon Cannon  
  20  3:04  Probe  
  19  3:12  Stalker  
  19  3:22  Probe  
  18  3:34  Probe  
  18  3:40  Photon Cannon  
  19  3:47  Probe  
  20  4:00  Stargate  
  20  4:01  Probe (Chrono Boost)  
  21  4:08  Probe (Chrono Boost)  
  22  4:12  Probe (Chrono Boost)  
  22  4:14  Assimilator  
  23  4:18  Probe (Chrono Boost)  
  23  4:22  Pylon  
  24  4:28  Probe  
  24  4:30  Robotics Facility  
  25  4:32  Probe (Chrono Boost)  
  26  4:44  Probe (Chrono Boost)  
  28  4:45  Probe (Chrono Boost)  
  28  4:46  Void Ray  
  28  4:49  Photon Cannon  
  28  4:51  Probe (Chrono Boost)  
  34  4:53  Probe (Chrono Boost)  
  33  5:04  Probe (Chrono Boost)  
  33  5:16  Probe (Chrono Boost)  
  34  5:21  Probe (Chrono Boost)  
  34  5:28  Pylon  
  35  5:30  Assimilator  
  35  5:34  Protoss Air Weapons Level 1 (Chrono Boost)  
  35  5:37  Pylon  
  35  5:40  Probe  
  35  5:42  Probe  
  37  5:48  Photon Cannon  
  37  5:52  Probe  
  37  5:54  Probe, Void Ray  
  39  6:01  Observer  
  39  6:04  Probe  
  45  6:06  Probe  
  46  6:13  Assimilator  
  46  6:16  Probe  
  46  6:17  Photon Cannon  
  46  6:18  Probe  
  48  6:23  Assimilator  
  48  6:26  Stargate  
  48  6:28  Probe  
  49  6:40  Probe (Chrono Boost)  
  50  6:48  Void Ray  
  50  6:50  Probe (Chrono Boost)  
  50  6:53  Probe (Chrono Boost)  
  56  7:02  Probe  
  56  7:05  Void Ray  
  56  7:07  Probe  
  58  7:14  Probe  
  63  7:17  Pylon  
  63  7:18  Pylon  
  63  7:19  Probe  
  63  7:20  Pylon  
  64  7:28  Void Ray  
  64  7:31  Probe  
  69  7:40  Protoss Air Armor Level 1 (Chrono Boost)  
  69  7:43  Probe  
  70  7:44  Photon Cannon  
  70  7:50  Pylon  
  70  7:55  Photon Cannon  
  70  8:09  Void Ray x2  
  69  8:46  Probe  
  70  8:49  Void Ray x2  
  74  8:57  Fleet Beacon  
  74  8:59  Probe  
  72  9:08  Photon Cannon  
  62  9:11  Probe  
  62  9:12  Photon Cannon  
  63  9:17  Photon Cannon  
  63  9:23  Probe  
  64  9:30  Void Ray x2, Stargate  
  64  9:34  Stargate  
  64  9:35  Probe  
  73  9:40  Pylon  
  73  10:02  Pylon  
  73  10:15  Void Ray  
  73  10:16  Void Ray  
  81  10:39  Probe  
Show
View Real Time Build Order
Export as new Build Order

Massa Terran - Winner!

Build Orders: Reaper Expand 

Get SALT Encoding   

  12  0:00  SCV  
  13  0:12  SCV  
  14  0:23  Supply Depot  
  14  0:24  SCV  
  15  0:44  SCV  
  15  0:46  Barracks  
  16  0:52  Refinery  
  16  0:56  SCV  
  17  1:11  SCV  
  18  1:23  SCV  
  19  1:37  Orbital Command  
  19  1:39  Reaper  
  20  1:41  Command Center  
  20  2:07  SCV  
  21  2:19  SCV  
  22  2:23  Factory  
  22  2:27  Supply Depot  
  22  2:33  SCV  
  23  2:39  Command Center  
  23  2:48  SCV  
  25  2:59  Orbital Command  
  25  3:00  SCV  
  25  3:02  Marine  
  26  3:13  SCV  
  27  3:20  Marine  
  28  3:42  SCV x2  
  30  3:51  Factory Reactor  
  30  3:52  Barracks Reactor  
  30  3:54  SCV x2  
  32  4:06  Bunker  
  32  4:17  Orbital Command  
  32  4:22  Refinery  
  32  4:26  Engineering Bay  
  32  4:27  Supply Depot x2  
  32  4:31  Command Center  
  32  4:42  Barracks  
  32  4:44  Barracks  
  32  4:45  Hellion x2  
  36  4:47  Marine  
  36  4:51  Supply Depot  
  37  4:52  Supply Depot  
  37  5:06  Hellion  
  39  5:16  Supply Depot  
  38  5:24  Marine x2  
  38  5:27  Widow Mine  
  38  5:28  Widow Mine  
  44  5:33  Starport, Factory  
  44  5:42  Marine x2  
  45  5:44  Barracks Reactor, Barracks Tech Lab  
  45  5:45  Orbital Command  
  45  5:49  Widow Mine  
  48  6:00  Marine x2  
  52  6:04  Marauder  
  52  6:07  Concussive Shells  
  52  6:11  SCV x3  
  52  6:12  SCV  
  52  6:18  Marine x2  
  58  6:23  SCV x3  
  63  6:25  Marauder  
  63  6:26  Factory Tech Lab  
  63  6:29  Factory Tech Lab, Barracks  
  63  6:38  Missile Turret  
  65  6:47  Marauder  
  65  6:53  Marine  
  65  6:54  Marine x2  
  66  6:55  Marine  
  66  6:57  Stimpack  
  66  6:58  Missile Turret  
  66  7:01  Medivac  
  73  7:08  Marauder  
  73  7:11  Marine  
  74  7:19  Missile Turret  
  74  7:24  Marine x5  
  74  7:29  Marine  
  82  7:30  Marauder  
  82  7:31  Widow Mine  
  82  7:32  Widow Mine  
  86  7:39  Missile Turret  
  86  7:42  Marine x5  
  91  7:47  Marine  
  94  7:51  Marauder  
  94  7:52  Refinery  
  94  7:53  Refinery, SCV x3  
  98  7:59  Marine x2  
  98  8:00  Marine x3, Missile Turret  
  98  8:05  SCV x3, Marine  
  104  8:12  Marauder  
  108  8:17  SCV x2, Marine x2  
  108  8:18  SCV, Marine x3  
  116  8:28  Orbital Command  
  116  8:29  Supply Depot x3  
  116  8:30  SCV  
  116  8:31  Supply Depot  
  116  8:32  Supply Depot x3  
  116  8:33  SCV  
  116  8:36  Combat Shield  
  116  8:38  Marine  
  116  8:41  Siege Tank  
  116  8:43  Siege Tank  
  115  8:55  Supply Depot  
  115  8:57  SCV x3  
  118  9:07  Missile Turret  
  118  9:08  Orbital Command  
  118  9:09  SCV x3  
  121  9:10  Missile Turret  
  121  9:14  Missile Turret  
  121  9:21  SCV x3  
  121  9:24  Armory  
  124  9:25  Marine  
  124  9:26  Marauder  
  124  9:28  Engineering Bay  
  124  9:29  Missile Turret  
  127  9:32  Missile Turret  
  127  9:33  SCV x3  
  130  9:38  Missile Turret  
  130  9:52  Missile Turret x2  
  112  10:17  Medivac  
  114  10:34  SCV x4  
  118  10:43  Refinery  
  118  10:46  SCV x3  
  118  10:47  SCV  
Show
View Real Time Build Order
Export as new Build Order

qqq Protoss - Winner!

Build Orders:  

Get SALT Encoding   

  12  0:00  Probe  
  13  0:16  Probe  
  14  0:26  Pylon  
  14  0:28  Probe  
  15  0:44  Probe  
  15  0:49  Pylon  
  16  0:51  Pylon  
  16  0:59  Probe  
  16  1:02  Pylon  
  16  1:04  Pylon  
  17  1:14  Forge  
  17  1:38  Probe  
  18  1:53  Photon Cannon  
  18  1:57  Photon Cannon  
  18  2:07  Nexus  
  17  2:21  Gateway  
  17  2:22  Probe  
  17  2:41  Probe  
  17  2:43  Assimilator  
  18  2:47  Assimilator  
  18  2:53  Probe (Chrono Boost)  
  19  3:04  Probe (Chrono Boost)  
  20  3:09  Probe (Chrono Boost)  
  22  3:20  Probe  
  22  3:25  Probe (Chrono Boost)  
  23  3:32  Probe (Chrono Boost)  
  23  3:34  Cybernetics Core  
  24  3:37  Probe (Chrono Boost)  
  26  3:43  Probe (Chrono Boost)  
  26  3:45  Probe (Chrono Boost)  
  26  3:47  Probe (Chrono Boost)  
  27  3:50  Probe, Pylon  
  29  3:58  Probe  
  31  4:02  Probe  
  31  4:07  Pylon  
  31  4:10  Probe  
  31  4:14  Probe, Photon Cannon  
  31  4:16  Photon Cannon  
  33  4:18  Pylon  
  33  4:22  Probe  
  34  4:27  Probe  
  35  4:33  Stargate  
  35  4:34  Probe  
  36  4:39  Probe  
  36  4:40  Stargate  
  37  4:46  Probe  
  37  4:51  Probe  
  39  4:53  Assimilator  
  39  4:57  Assimilator  
  39  4:58  Probe  
  40  5:03  Probe  
  41  5:10  Probe  
  42  5:15  Probe  
  43  5:27  Probe  
  44  5:32  Phoenix  
  44  5:33  Phoenix  
  48  5:39  Probe  
  49  5:51  Probe  
  50  5:57  Phoenix x2 (Chrono Boost), Nexus  
  50  6:00  Pylon  
  54  6:04  Pylon  
  54  6:13  Phoenix x2 (Chrono Boost)  
  54  6:14  Nexus  
  58  6:20  Pylon  
  58  6:22  Photon Cannon  
  58  6:26  Photon Cannon  
  58  6:30  Pylon  
  58  6:32  Photon Cannon  
  58  6:37  Phoenix  
  58  6:38  Phoenix  
  62  6:56  Robotics Facility  
  62  6:59  Pylon  
  62  7:01  Pylon  
  62  7:02  Phoenix x2  
  66  7:08  Protoss Air Weapons Level 1 (Chrono Boost)  
  66  7:10  Probe  
  67  7:18  Fleet Beacon  
  67  7:22  Probe  
  68  7:23  Pylon  
  68  7:28  Phoenix x2  
  72  7:30  Probe  
  72  7:34  Probe  
  74  7:42  Probe  
  75  7:46  Probe  
  76  7:54  Probe  
  76  7:58  Probe  
  78  8:07  Probe  
  78  8:10  Probe, Phoenix x2  
  84  8:19  Probe  
  83  8:22  Probe  
  84  8:31  Probe  
  81  8:34  Probe  
  81  8:35  Carrier x2  
  94  8:42  Observer  
  94  8:43  Probe  
  94  8:46  Probe  
  97  8:55  Probe  
  98  8:58  Probe  
  99  9:07  Probe  
  100  9:11  Probe  
  100  9:13  Anion Pulse-Crystals  
  100  9:15  Observer  
  102  9:19  Probe  
  102  9:20  Assimilator  
  102  9:23  Probe  
  104  9:25  Assimilator  
  104  9:28  Pylon  
  104  9:30  Photon Cannon  
  104  9:31  Probe, Photon Cannon, Pylon  
  104  9:34  Pylon  
  104  9:35  Probe, Photon Cannon  
  106  9:39  Pylon  
  106  9:42  Assimilator  
  106  9:45  Carrier  
  112  9:47  Assimilator  
  112  10:03  Probe x2  
  114  10:17  Probe x2 (Chrono Boost)  
  116  10:21  Stargate  
  116  10:24  Stargate  
  126  10:32  Probe (Chrono Boost)  
  126  10:33  Probe (Chrono Boost)  
  126  10:39  Probe x2  
  132  10:45  Photon Cannon  
  132  10:48  Pylon  
  132  10:51  Pylon  
  132  10:55  Pylon  
  134  10:57  Shield Battery  
  134  10:59  Shield Battery  
Tags
 
Add a new tag
Caveats
  • Supply blocks, unpowered buildings, or Contaminate may cause inaccurate times.
  • Supply counts are checked every 10 seconds.